 Dungeon Crawl Stone Soup version 0.21-a0-509-gecc5317 (webtiles) character file.

16 Laiders the Cudgeler (level 2, -1/16 HPs)
             Began as a Vine Stalker Fighter on Nov 30, 2017.
             Succumbed to a kobold's poison
             ... on level 1 of the Dungeon.
             The game lasted 00:01:16 (614 turns).

Laiders the Cudgeler (Vine Stalker Fighter)          Turns: 614, Time: 00:01:17

Health: -1/16      AC:  6    Str: 18    XL:     2   Next: 58%
Magic:  3/3        EV:  9    Int:  8    God:
Gold:   36         SH:  0    Dex: 13    Spells: 1/1 levels left

rFire    . . .     SeeInvis .   a - +0 flail
rCold    . . .     Gourm    .   (no shield)
rNeg     . . .     Faith    .   b - +0 scale mail
rPois    .         Spirit   +   (no helmet)
rElec    .         Reflect  .   (no cloak)
rCorr    .         Harm     .   (no gloves)
MR       .....                  (no boots)
Stlth    ..........             (no amulet)
HPRegen  0.05/turn              (no ring)
MPRegen  0.08/turn              (no ring)

@: lethally poisoned (-1 -> -30)
A: fangs 2, magic shield, antimagic bite, no potion heal 3, rot immunity
a: no special abilities


You were on level 1 of the Dungeon.
You were not hungry.

You visited 1 branch of the dungeon, and saw 1 of its levels.

You collected 36 gold pieces.

Inventory:

Hand Weapons
 a - a +0 flail (weapon)
Armour
 b - a +0 scale mail (worn)
 c - a +0 shield
Scrolls
 e - a scroll of enchant weapon {unknown}
Potions
 d - 2 potions of might
Comestibles
 f - a bread ration
 h - a royal jelly
 i - 3 fruits


   Skills:
 - Level 2.6 Fighting
 + Level 2.8 Maces & Flails
 - Level 2.4 Armour
 - Level 2.6 Shields


You had one spell level left.
You didn't know any spells.

Dungeon Overview and Level Annotations

Branches:
Dungeon (1/15)

Altars:


Innate Abilities, Weirdness & Mutations

You have extremely sharp teeth.
When hurt, damage is shared between your health and your magic reserves.
Your bite disrupts and absorbs the magic of your enemies.
Potions cannot restore your health.
You are immune to rotting.


Message History

You closely miss the kobold.
You feel sick.
The kobold hits you with a dagger of venom.
You closely miss the kobold.
You feel sick. The kobold hits you but does no damage.
You are more poisoned.
Your scale mail prevents you from hitting the kobold.
Your bite misses the kobold.
You feel sick. The kobold hits you but does no damage.
You are more poisoned.
You hit the kobold.
You kill the kobold!
* * * LOW HITPOINT WARNING * * *
You feel very sick.
* * * LOW HITPOINT WARNING * * *
You feel sick.
You see here a dagger of venom.
Wield which item (- for none, * to show all)? (? for menu, Esc to quit)
Okay, then.
Okay, then.
You die...
P♣PP.......# #.........# .♣P........#########.♣.....♣.#### PP...............................

...........##########♣.....♣#####
...........#.... #.....# ##
...........#.... ♣#♣.♣#♣ #.
.###########...♣ #.# #. ######
#...♣♣♣♣♣.# #)# #.
.....#########.)@....###.### #.
...............♣P..♣.......# #.
...).##########♣♣♣♣♣######.## #.
.....## ######..####. ......##
#.........##. .......#
#.#####.#.##. ....♣♣.♣
#............ ....♣♣.P♣
...#####..#.. ....♣♣..♣
#.#####..#.#


There were no monsters in sight!

Vanquished Creatures
  A leopard gecko (D:1)
  A ball python (D:1)
  A giant cockroach (D:1)
  4 goblins (D:1)
  A hobgoblin (D:1)
  2 bats (D:1)
  A frilled lizard (D:1)
  2 kobolds (D:1)
  3 rats (D:1)
16 creatures vanquished.

Notes
Turn   | Place    | Note
-------+----------+-------------------------------------------
     0 | D:1      | Laiders the Vine Stalker Fighter began the quest for the Orb.
     0 | D:1      | Reached XP level 1. HP: 11/11 MP: 2/2
   285 | D:1      | Reached XP level 2. HP: 11/16 MP: 0/3
   614 | D:1      | Succumbed to a kobold's poison

Vault maps used:
D:1:      dpeg_arrival_court, serial_forest, infiniplex_forest_clump_tiny,
          infiniplex_forest_end_2, infiniplex_forest_straight_4,
          infiniplex_forest_lined_room_2, infiniplex_forest_lined_corner,
          infiniplex_forest_end_2, infiniplex_forest_straight_4,
          infiniplex_forest_corner_2, infiniplex_forest_clump_long,
          infiniplex_forest_lined_ring

Skill      XL: |  1 |
---------------+----+-----
Maces & Flails | 2 |  2.8
Fighting       | |  2.6
Armour         | |  2.4
Shields        | |  2.6

Action                   || total
-------------------------++-------
Melee: Flail             ||    49
       Bite              ||     5
Armor: Scale mail        ||    42
Dodge: Dodged            ||    31

Table legend:
 A = Spawn XP
 B = Non-spawn XP
 C = Spawn XP percentage of total XP
 D = Spawn monster count
 E = Non-spawn monster count
 F = Spawn count percentage of total count
 G = Total turns spent on level
                    A         B        C        D         E        F      G
               +---------+---------+-------+---------+---------+-------+---------
         Total |       0 |      24 |   0.0 |       0 |      16 |   0.0 |   614
               +---------+---------+-------+---------+---------+-------+---------
           D:1 |       0 |      24 |   0.0 |       0 |      16 |   0.0 |   614
               +---------+---------+-------+---------+---------+-------+---------
